 Dungeon Crawl Stone Soup version 0.28-a0-503-g83f2989fac (webtiles) character file.

Game seed: 17936449507602293974

61 Dabor the Sneak (level 3, 0/17 HPs)
             Began as a Spriggan Enchanter on Sept 20, 2021.
             Succumbed to an adder's poison
             ... on level 1 of the Dungeon.
             The game lasted 00:05:37 (2912 turns).

Dabor the Sneak (Spriggan Enchanter)                Turns: 2912, Time: 00:05:39

Health: 0/17       AC:  2    Str:  5    XL:     3   Next: 83%
Magic:  1/8        EV: 18    Int: 16    God:
Gold:   30         SH:  0    Dex: 15    Spells: 6/8 levels left

rFire   . . .      SeeInvis +   a - +1 dagger
rCold   . . .      Faith    .   (shield restricted)
rNeg    . . .      Spirit   .   b - +0 robe
rPois   .          Reflect  .   (helmet restricted)
rElec   .          Harm     .   (no cloak)
rCorr   .          Rampage  .   (gloves unavailable)
Will    .....                   (boots unavailable)
Stlth   +++.......              d - amulet of the acrobat
HPRegen 0.05/turn               (no ring)
MPRegen 0.11/turn               (no ring)

@: lethally poisoned (0 -> -2), invisible, very quick
A: very small, no large weapons, unfitting armour, see invisible, speed 3
a: no special abilities


You were on level 1 of the Dungeon.
You visited 1 branch of the dungeon, and saw 2 of its levels.

You collected 30 gold pieces.

Inventory:

Hand Weapons
 a - a +1 dagger (weapon)
 e - a +0 hunting sling
Missiles
 g - 70 stones
Armour
 b - a +0 robe (worn)
Jewellery
 d - an amulet of the acrobat (around neck)


   Skills:
 + Level 0.4 Fighting
 * Level 2.0 Short Blades
 * Level 3.5 Dodging
 * Level 5.4 Stealth
 + Level 3.0 Spellcasting
 + Level 4.0 Hexes
 + Level 0.0 Ice Magic


You had 6 spell levels left.
You knew the following spells:

 Your Spells              Type           Power      Damage    Failure   Level
a - Ensorcelled Hibernat  Hex/Ice        16%        N/A       12%         2

Your spell library contained the following spells:

 Spells                   Type           Power      Damage    Failure   Level
 Confusing Touch          Hex            15%        N/A       11%         3
 Tukima's Dance           Hex            15%        N/A       11%         3
 Dazzling Flash           Conj/Hex       16%        N/A       24%         3


Dungeon Overview and Level Annotations

Branches:
Dungeon (2/15)

Altars:


Innate Abilities, Weirdness & Mutations

You are very small and have problems with some larger weapons.
You are too small for most types of armour.
You have supernaturally acute eyesight. (SInv)
You cover ground extremely quickly. (Speed+++)


Message History

The frilled lizard completely misses you.
The adder barely misses you.
The adder resists with some effort.
The frilled lizard barely misses you. The adder bites you.
You are poisoned.
The adder poisons you!
You feel sick. The adder bites you but does no damage.
The frilled lizard misses you.
You climb upwards.
You feel sick.
There is a stone staircase leading down here.
You feel sick. The adder bites you.
You are lethally poisoned!
The adder poisons you!
You see here a frilled lizard skeleton.
You feel sick. The adder completely misses you.
You feel sick.
* * * LOW HITPOINT WARNING * * *
You feel sick.
Okay, then.
Your magical contamination has completely faded away.
As you read the scroll labelled KEPNON COACI, it crumbles to dust.
You assume a fearsome visage.
The adder looks frightened!
The frilled lizard looks frightened!
It was a scroll of fear.
* * * LOW HITPOINT WARNING * * *
You feel sick.
As you read the scroll labelled NAORRA HYSUA, it crumbles to dust.
It is a scroll of identify.
i - a scroll of torment
* * * LOW HITPOINT WARNING * * *
You feel sick.
Really read the scroll of torment?
As you read the scroll of torment, it crumbles to dust.
You feel a surge of unholy energy.
The adder convulses!
Your attack snaps the adder out of its fear.
Your attack snaps the frilled lizard out of its fear.
* * * LOW HITPOINT WARNING * * *
You feel sick.
You aren't carrying any scrolls.
You fade into invisibility!
You die...

######.# #...###.###########.#
....##.## #..##....†......†...#
###.#...###..##.#.#############
#..........##.#.#
###...###.###.#.# ##.##
#.###.#.# #.# #.##....# ####
#.# #.#.....## ...#
#.####.....@..##
##.###..............#
#...........)......##
#.###...........S.## ..#
#..#######..l## ..###..# ##>##
.......# ### ##.#.### #...#


You could see an adder and a frilled lizard.

Vanquished Creatures
  2 adders (D:1)
  A worm (D:2)
  A dart slug (D:1)
  5 ball pythons (D:1)
  2 endoplasms (D:1)
  2 giant cockroaches (D:1)
  2 hobgoblins (D:1)
  7 jackals (D:1)
  A kobold (D:2)
  3 quokkas (D:1)
  4 bats
  4 frilled lizards (D:1)
  A goblin (D:1)
  2 rats (D:1)
37 creatures vanquished.

Notes
Turn   | Place    | Note
-------+----------+-------------------------------------------
     0 | D:1      | Dabor the Spriggan Enchanter began the quest for the Orb.
     0 | D:1      | Reached XP level 1. HP: 9/9 MP: 5/5
   914 | D:1      | Reached XP level 2. HP: 6/13 MP: 6/6
  1134 | D:1      | Learned a level 2 spell: Ensorcelled Hibernation
  1188 | D:1      | Found a faded altar of an unknown god.
  1951 | D:1      | Reached skill level 5 in Stealth
  1951 | D:1      | Reached XP level 3. HP: 16/16 MP: 8/8
  2912 | D:1      | Succumbed to an adder's poison

Illustrated notes

Levels and vault maps discovered:
D:1:      shiori_arrival_elements, layout_loops_ring,
          shapermc_ecumenical_altar_notcrosses, grunt_decor_junction,
          minivault_19, minmay_pentomino_w2
D:2:      layout_rooms, basic_altar, chequers_big_river

Skill      XL: |  1  2  3 |
---------------+----------+-----
Dodging        | 3 |  3.5
Stealth        | 5 |  5.4
Spellcasting   | 3 |  3.0
Short Blades   | 2 |  2.0
Hexes          | 4 |  4.0
Fighting       | |  0.4

Action                   || total
-------------------------++-------
Melee: Dagger            ||   144
Throw: Stone             ||     7
 Cast: Ensorcelled Hiber ||    17
  Use: Scroll            ||     3
       Potion            ||     1
 Stab: Distracted        ||     1
       Sleeping          ||    17
Armor: Robe              ||    22
Dodge: Dodged            ||   178

Table legend: (Time is in decaauts)
 A = Elapsed time spent in this place.
 B = Non-inter-level travel time spent in this place.
 C = Inter-level travel time spent in this place.
 D = Time resting spent in this place.
 E = Time spent auto-exploring this place.
 F = Levels seen in this place.
 G = Mean time per level.
                   A        B        C        D        E       F      G
               +--------+--------+--------+--------+--------+-----+--------+
         Total |   2522 |   2489 |     33 |   1299 |    697 |   2 | 1261.0 |
       Dungeon |   2522 |   2489 |     33 |   1299 |    697 |   2 | 1261.0 |
               +--------+--------+--------+--------+--------+-----+--------+

Top non-repeatable levels by time:
     D:1: 2462 daAuts
     D:2: 59 daAuts
